 Dungeon Crawl Stone Soup version 0.23.1 (webtiles) character file.

Game seed: 15819334308472533327

7133 Gargoyl the Cleaver (level 10, -2/84 HPs)
             Began as a Centaur Abyssal Knight on Mar 7, 2019.
             Was a Priest of Lugonu.
             Slain by a phantasmal warrior (21 damage)
             ... led by a death knight
             ... on level 10 of the Dungeon.
             The game lasted 00:17:41 (13684 turns).

Gargoyl the Cleaver (Centaur Abyssal Knight)       Turns: 13684, Time: 00:17:42

Health: -2/84      AC: 18    Str: 16    XL:     10   Next: 85%
Magic:  5/16       EV:  6    Int: 11    God:    Lugonu [***...]
Gold:   508        SH:  0    Dex: 11    Spells: 9/9 levels left

rFire    . . .     SeeInvis .   l - +2 hand axe (flame)
rCold    + . .     Gourm    .   (no shield)
rNeg     + . .     Faith    .   d - +4 chain mail
rPois    .         Spirit   .   i - +2 helmet
rElec    .         Reflect  .   B - +0 cloak (curse)
rCorr    .         Harm     .   (no gloves)
MR       .....                  (no barding)
Stlth    ..........             z - amulet of magic regeneration
HPRegen  0.24/turn              w - ring of flight
MPRegen  0.40/turn              y - ring of Eripris {rC+ rN+}

@: vulnerable, very quick
A: large, hooves 3, deformed body, speed 2, tough skin 3
a: Depart the Abyss, Bend Space, Banish, Renounce Religion, Evoke Flight


You were on level 10 of the Dungeon.
You worshipped Lugonu.
Lugonu was most pleased with you.
You were very hungry.

You visited 1 branch of the dungeon, and saw 10 of its levels.
You visited the Abyss 1 time.

You collected 508 gold pieces.

Inventory:

Hand Weapons
 a - a +3 hand axe
 l - a +2 hand axe of flaming (weapon)
 x - a +3 hand axe
Armour
 d - a +4 chain mail (worn)
 i - a +2 helmet (worn)
 B - a cursed +0 cloak (worn)
Jewellery
 w - a ring of flight (left hand)
 y - the ring of Eripris (right hand) {rC+ rN+}
   (You found it on level 8 of the Dungeon)

   [ring of protection from cold]

   It protects you from cold.
   It protects you from negative energy.
 z - an amulet of magic regeneration (around neck)
Wands
 e - a wand of polymorph (3)
 o - a wand of scattershot (4)
 C - a wand of iceblast (9)
Scrolls
 g - 2 scrolls of fog
 k - 2 scrolls of identify
 n - 2 scrolls of magic mapping
 t - 2 scrolls of remove curse
 A - 4 scrolls of teleportation
Potions
 b - 3 potions of agility
 f - 2 potions of haste
 m - 2 potions of curing
 p - 2 potions of flight
 q - 2 potions of mutation {unknown}
 r - a potion of might {unknown}
 s - a potion of magic
 u - a potion of cancellation {unknown}
 v - 3 potions of invisibility {unknown}
Comestibles
 c - 12 rations


   Skills:
 + Level 6.5 Fighting
 + Level 8.2 Axes
 * Level 7.1 Armour
 * Level 4.7 Dodging
 * Level 8.0 Invocations


You had 9 spell levels left.
You didn't know any spells.
Your spell library contained the following spells:

 Spells                   Type           Power        Failure   Level  Hunger
 Sandblast                Erth           #.....       99%         1    ##.....
 Passwall                 Tmut/Erth      #.......     100%        2    ###....
 Poisonous Vapours        Pois/Air       #.....       100%        2    ###....
 Swiftness                Chrm/Air       #.......     100%        2    ###....
 Static Discharge         Conj/Air       #.......     100%        3    ####...
 Stone Arrow              Conj/Erth      #.....       100%        3    ####...
 Petrify                  Tmut/Erth      #.......     100%        4    #####..
 Lee's Rapid Deconstruct  Erth           #.........   100%        5    ######.
 Lightning Bolt           Conj/Air       #.........   100%        5    ######.
 Freezing Cloud           Conj/Ice/Air   #.........   100%        6    #######


Dungeon Overview and Level Annotations

Branches:
Dungeon (10/15)            Temple (0/1) D:6
   Lair: D:8-11         Orc: D:9-12

Altars:
Ashenzari
Gozag
Makhleb
Yredelemnul

Annotations:
D:6 3 runed translucent doors, joo's ghost, novice GnWn


Innate Abilities, Weirdness & Mutations

You have hooves in place of feet.
Armour fits poorly on your strangely shaped body.
You cover ground very quickly.
You have extremely tough skin. (AC +3)


Message History

The phantasmal warrior hits you but does no damage.
You hit the phantasmal warrior. You burn the phantasmal warrior.
The phantasmal warrior is moderately damaged.
The phantasmal warrior closely misses you.
Press: ? - help, Shift-Dir - straight line, f - phantasmal warrior
Aim: a phantasmal warrior (moderately damaged, chance to defeat MR: 38%)
The phantasmal warrior resists with some effort.
You feel somewhat more hungry. The phantasmal warrior hits you!
Press: ? - help, Shift-Dir - straight line, f/p - phantasmal warrior
Aim: a phantasmal warrior (moderately damaged, chance to defeat MR: 38%)
The phantasmal warrior resists with some effort.
You are feeling very hungry.
The phantasmal warrior hits you!
* * * LOW HITPOINT WARNING * * *
Your magical defenses are stripped away!
Press: ? - help, Shift-Dir - straight line, f/p - phantasmal warrior
Aim: a phantasmal warrior (moderately damaged, chance to defeat MR: 38%)
The phantasmal warrior resists with some effort.
You feel somewhat more hungry. The phantasmal warrior hits you!!
You die...

. ..
...###+####
..........#
#........@#
#.......W.#
#.........#
#.........#
#.........#
#.........#
#.........#
.......(..#
..........#


You could see a phantasmal warrior.

Vanquished Creatures
  A hydra (D:8)
  A two-headed ogre (D:10)
  A troll (D:9)
  The ghost of SharpKris the Slasher, an amateur BaFi of Okawaru (D:4)
  Grinder (D:6)
  Prince Ribbit (D:6)
  2 dream sheep (D:8)
  4 hippogriffs
  2 wraiths
  2 wyverns
  2 yaks (D:8)
  A black bear (D:7)
  A sky beast (D:7)
  A phantom (D:6)
  A necrophage (D:5)
  4 ogres
  4 centaurs
  3 big kobolds (D:8)
  A bullfrog (D:4)
  A wyvern skeleton (D:9)
  3 scorpions
  2 killer bees (D:8)
  6 wights
  A howler monkey (D:5)
  2 crimson imps
  A centaur zombie (D:7)
  A jelly (D:5)
  A quasit (D:7)
  5 orc priests (D:9)
  A bullfrog skeleton (D:8)
  4 hounds
  4 orc wizards
  2 iguanas (D:4)
  Natasha (thrice) (D:4)
  8 worker ants
  2 hound zombies
  A hound skeleton (D:7)
  A worker ant zombie (D:7)
  8 gnolls
  11 adders
  A river rat (D:4)
  An adder zombie (D:8)
  3 adder skeletons
  A dart slug (D:3)
  4 leopard geckos
  11 orcs
  2 giant cockroaches
  10 goblins
  6 hobgoblins
  8 jackals
  5 kobolds
  2 quokkas (D:8)
  4 bats
  A frilled lizard (D:1)
  A leopard gecko skeleton (D:7)
  A leopard gecko zombie (D:5)
  A quokka skeleton (D:8)
  A quokka zombie (D:8)
  5 rats (D:1)
  A plant (D:8)
171 creatures vanquished.

Vanquished Creatures (others)
  2 killer bees (D:8)
  2 starspawn tentacles (Abyss:3)
4 creatures vanquished.

Grand Total: 175 creatures vanquished

Notes
Turn   | Place    | Note
-------+----------+-------------------------------------------
     0 | Abyss:1  | Gargoyl the Centaur Abyssal Knight began the quest for the
                  | Orb.
     0 | Abyss:1  | Reached XP level 1. HP: 19/19 MP: 2/2
    37 | Abyss:3  | Noticed a hellwing
    51 | Abyss:3  | Noticed a tentacled starspawn
    80 | Abyss:3  | Found a corrupted altar of Lugonu.
    82 | D:1      | Escaped the Abyss
   493 | D:1      | Reached * piety under Lugonu
   495 | D:1      | You fall through a shaft!
   612 | D:1      | Reached XP level 2. HP: 26/26 MP: 3/3
  1160 | D:1      | Reached skill level 1 in Dodging
  1409 | D:2      | Reached XP level 3. HP: 30/31 MP: 4/4
  2342 | D:3      | Reached XP level 4. HP: 37/38 MP: 5/5
  2780 | D:3      | Reached ** piety under Lugonu
  3249 | D:4      | Noticed Natasha
  3257 | D:4      | Killed Natasha
  3424 | D:4      | Reached XP level 5. HP: 25/46 MP: 5/7
  3618 | D:4      | Noticed Natasha
  3625 | D:4      | Killed Natasha
  3825 | D:4      | Reached XP level 6. HP: 32/52 MP: 8/8
  3998 | D:4      | Noticed Natasha
  3999 | D:4      | Found a runed translucent door.
  4000 | D:4      | Noticed SharpKris's ghost (amateur BaFi)
  4069 | D:4      | Killed Natasha
  4468 | D:4      | Found a runed translucent door.
  4498 | D:4      | Killed SharpKris's ghost
  4498 | D:4      | Reached XP level 7. HP: 29/59 MP: 9/9
  5220 | D:5      | Entered Level 5 of the Dungeon
  5956 | D:5      | Reached XP level 8. HP: 53/66 MP: 11/11
  6136 | D:5      | Reached *** piety under Lugonu
  6136 | D:5      | Reached skill level 5 in Axes
  6735 | D:6      | Noticed Grinder
  6745 | D:6      | Paralysed by Grinder for 3 turns
  6760 | D:6      | Paralysed by Grinder for 7 turns
  6773 | D:6      | Killed Grinder
  6939 | D:6      | Found a runed translucent gate.
  6939 | D:6      | Found a runed translucent gate.
  6939 | D:6      | Found a runed translucent gate.
  6940 | D:6      | Found an opulent altar of Gozag.
  6940 | D:6      | Noticed a kobold demonologist
  6940 | D:6      | Noticed a hippogriff
  6941 | D:6      | Noticed joo's ghost (novice GnWn)
  6985 | D:6      | Noticed Prince Ribbit
  7011 | D:6      | Killed Prince Ribbit
  7355 | D:6      | Found a shattered altar of Ashenzari.
  7407 | D:6      | Found a staircase to the Ecumenical Temple.
  7533 | D:7      | HP: 2/66 [centaur/arrow (2)]
  7844 | D:6      | Reached skill level 5 in Invocations
  8041 | D:7      | Reached skill level 5 in Fighting
  8041 | D:7      | Reached skill level 5 in Armour
  8046 | D:7      | Reached XP level 9. HP: 39/73 MP: 12/12
  9730 | D:8      | Got a coiled ivory ring
  9747 | D:8      | Identified the Compendium of Lightness
 10559 | D:8      | Noticed a two-headed hydra
 10562 | D:8      | Killed a one-headed hydra
 10562 | D:8      | Reached XP level 10. HP: 79/83 MP: 13/15
 11567 | D:9      | Identified the ring of Eripris {rC+ rN+} (You found it on
                  | level 8 of the Dungeon)
 12042 | D:9      | Noticed a phantasmal warrior
 12049 | D:9      | Noticed a death knight
 12050 | D:9      | Noticed a two-headed ogre
 12290 | D:9      | Found a burning altar of Makhleb.
 13018 | D:10     | Entered Level 10 of the Dungeon
 13286 | D:10     | Killed a two-headed ogre
 13288 | D:10     | Found a basalt altar of Yredelemnul.
 13684 | D:10     | Slain by a phantasmal warrior

Skill      XL: |  1  2  3  4  5  6  7  8  9 10 |
---------------+-------------------------------+-----
Axes           | 2 3 4 6 7 8 |  8.2
Dodging        | 1 2 3 4 |  4.7
Armour         | 2 3 5 6 7 |  7.1
Invocations    | 3 4 5 6 8 |  8.0
Fighting       | 4 5 6 |  6.5

Action                   |  1- 3 |  4- 6 |  7- 9 | 10-12 || total
-------------------------+-------+-------+-------+-------++-------
Melee: Hand axe          |    78 |   146 |   394 |   189 ||   807
       Kick              |    10 |    33 |    84 |    54 ||   181
       Unarmed           |       |     3 |       |       ||     3
Invok: Depart the Abyss  |     1 |       |       |       ||     1
       Banish            |       |       |     3 |     5 ||     8
       Bend Space        |       |       |       |     6 ||     6
  Use: Potion            |     1 |     4 |     4 |     3 ||    12
       Scroll            |    11 |     1 |    12 |     1 ||    25
  Eat: Chunk             |     3 |     3 |     5 |     5 ||    16
       Ration            |       |     1 |     4 |     1 ||     6
Armor: Chain mail        |    62 |   117 |   345 |   147 ||   671
       Skin              |       |     4 |    60 |       ||    64
Dodge: Dodged            |    28 |    49 |   115 |    68 ||   260
